 Dungeon Crawl Stone Soup version 0.21-a0-632-g1e37ce5 (webtiles) character file.

1122 Lanoc the Slasher (level 8, -3/43 HPs)
             Began as a Vine Stalker Chaos Knight on Dec 27, 2017.
             Slain by Blork the orc
             ... wielding a +3 trident of flaming
              (6 damage)
             ... on level 4 of the Dungeon.
             The game lasted 00:09:23 (2937 turns).

Lanoc the Slasher (Vine Stalker Chaos Knight)       Turns: 2937, Time: 00:09:24

Health: -3/43      AC:  5    Str: 15    XL:     8   Next: 35%
Magic:  0/9        EV: 14    Int: 19    God:    Xom [...*..]
Gold:   257        SH:  0    Dex: 19    Spells: 7/7 levels left

rFire    . . .     SeeInvis +   a - +0 falchion (chaos)
rCold    . . .     Gourm    .   (no shield)
rNeg     . . .     Faith    .   b - +2 leather armour
rPois    .         Spirit   +   (no helmet)
rElec    .         Reflect  .   (no cloak)
rCorr    .         Harm     .   (no gloves)
MR       +....                  (no boots)
Stlth    +.........             (no amulet)
HPRegen  0.54/turn              f - +3 ring of dexterity
MPRegen  0.11/turn              n - ring of see invisible

@: brilliant
A: fangs 3, clever 1, regeneration 1, magic shield, antimagic bite, no potion
heal 3, rot immunity
a: Renounce Religion


You were on level 4 of the Dungeon.
You worshipped Xom.
You were a favourite toy of Xom.
You were not hungry.

You visited 1 branch of the dungeon, and saw 4 of its levels.

You collected 257 gold pieces.

Inventory:

Hand Weapons
 a - a +0 falchion of chaos (weapon)
Missiles
 d - 38 bolts
 o - 17 arrows
 u - 19 sling bullets
Armour
 b - a +2 leather armour (worn)
Jewellery
 f - a +3 ring of dexterity (left hand)
 n - a ring of see invisible (right hand)
 v - an uncursed ring of protection from cold
Wands
 r - a wand of flame (32)
Scrolls
 h - 9 scrolls of identify {unknown}
 k - 2 scrolls of enchant armour {unknown}
 l - 2 scrolls of teleportation {unknown}
 p - a scroll of blinking {unknown}
 q - 5 scrolls of fear {unknown}
Potions
 e - a potion of flight {unknown}
 g - a potion of curing
 i - a potion of resistance {unknown}
 j - a potion of agility {unknown}
 m - a potion of brilliance
 s - a potion of might {unknown}
 t - a potion of heal wounds {unknown}
 x - a potion of berserk rage {unknown}
Comestibles
 c - 8 rations
 w - 3 chunks of flesh


   Skills:
 + Level 5.1 Fighting
 + Level 5.1 Long Blades
 + Level 4.2 Armour
 + Level 3.9 Dodging


You had 7 spell levels left.
You didn't know any spells.

Dungeon Overview and Level Annotations

Branches:
Dungeon (4/15)
 Temple: D:4-7

Altars:

Annotations:
D:4 Blork the orc


Innate Abilities, Weirdness & Mutations

You have razor-sharp teeth.
Your natural rate of healing is unusually fast.
When hurt, damage is shared between your health and your magic reserves.
Your bite disrupts and absorbs the magic of your enemies.
Potions cannot restore your health.
You are immune to rotting.
Your mind is acute. (Int +2)


Message History

Blork the orc completely misses you.
It was a potion of curing.
That felt strangely inert.
Xom roars with laughter!
Blork the orc misses you.
You riposte.
You barely miss Blork the orc.
Blork the orc is moderately wounded.
It was a potion of brilliance.
You feel clever all of a sudden. Blork the orc barely misses you.
Blork the orc hits you with a trident of flaming!
Blork the orc burns you.
You hit Blork the orc.
Blork the orc's magic leaks into the air.
Blork the orc is moderately wounded.
Blork the orc hits you with a trident of flaming!
* * * LOW HITPOINT WARNING * * *
Blork the orc burns you.
* * * LOW HITPOINT WARNING * * *
Blork the orc hits you with a trident of flaming!
You die...
Xom laughs nastily!

##.## #.#....###.#####
#..####......#.......#
###..)[#.#.#..#....##.#
.....#)....#..#.....#.#
.....###.###..#.....#.#
(.............#.....#.######
.........####.....#<#.......
.....##..##########.........
####.##........o@.'..%......
#..#..##########....(....
##.#..# #....<##########
#....# #.##### #...####.#
#........# ##..######
####..># #......#


You could see Blork the orc (berserk).

Vanquished Creatures
  Eustachio (D:4)
  Edmund (D:4)
  A phantom (D:4)
  A bullfrog (D:2)
  2 scorpions (D:4)
  A howler monkey (D:4)
  An orc priest (D:3)
  An orc wizard (D:3)
  A centaur skeleton (D:4)
  Terence (D:3)
  A worker ant (D:4)
  4 adders
  An ooze (D:4)
  4 worms
  4 dart slugs
  5 leopard geckos
  18 orcs
  10 bats
  4 giant cockroaches
  13 hobgoblins
  4 jackals (D:3)
  8 kobolds
  A quokka (D:3)
  5 frilled lizards
  6 goblins
  5 rats
104 creatures vanquished.

Vanquished Creatures (collateral kills)
  Pikel (D:4)
  3 slaves (D:4)
  A scorpion (D:4)
  2 orcs (D:4)
  A giant cockroach (D:4)
8 creatures vanquished.

Vanquished Creatures (others)
  An orc (D:4)
1 creature vanquished.

Grand Total: 113 creatures vanquished

Notes
Turn   | Place    | Note
-------+----------+-------------------------------------------
     0 | D:1      | Lanoc the Vine Stalker Chaos Knight began the quest for the Orb.
     0 | D:1      | Reached XP level 1. HP: 11/11 MP: 2/2
    69 | D:1      | Reached skill level 1 in Dodging
    73 | D:1      | Reached XP level 2. HP: 16/16 MP: 3/3
   403 | D:1      | Reached XP level 3. HP: 20/20 MP: 4/4
   721 | D:1      | XOM: divination: detect creatures
   769 | D:1      | XOM: summons 1 hostile demon
  1162 | D:2      | Noticed a bullfrog
  1162 | D:2      | a bat changed into a bullfrog
  1167 | D:2      | Killed a bullfrog
  1167 | D:2      | Gained mutation: Your natural rate of healing is unusually fast. [Vine Stalker growth]
  1167 | D:2      | Reached XP level 4. HP: 2/24 MP: 1/5
  1167 | D:2      | Reached XP level 5. HP: 2/28 MP: 1/6
  1572 | D:3      | Noticed Terence
  1584 | D:3      | Killed Terence
  1716 | D:3      | XOM: harmless Chrm miscast
  1842 | D:3      | Reached XP level 6. HP: 17/33 MP: 3/7
  1871 | D:3      | XOM: 8-stop teleportation journey
  2092 | D:3      | XOM: give mutation
  2092 | D:3      | Gained mutation: Your mind is acute. (Int +2) [Xom's mischief]
  2394 | D:4      | Noticed a phantom
  2416 | D:4      | Killed a phantom
  2502 | D:4      | Reached XP level 7. HP: 33/37 MP: 8/8
  2515 | D:4      | XOM: potion effect (brilliance)
  2596 | D:4      | Noticed Edmund
  2609 | D:4      | XOM: mild Hex miscast
  2613 | D:4      | XOM: confuse monster(s)
  2618 | D:4      | Noticed Pikel
  2637 | D:4      | Killed Edmund
  2683 | D:4      | Killed Pikel
  2683 | D:4      | Gained mutation: You have razor-sharp teeth. [Vine Stalker growth]
  2683 | D:4      | Reached XP level 8. HP: 35/42 MP: 9/9
  2763 | D:4      | Reached skill level 5 in Fighting
  2802 | D:4      | Reached skill level 5 in Long Blades
  2823 | D:4      | Noticed Eustachio
  2834 | D:4      | Killed Eustachio
  2922 | D:4      | Noticed Blork the orc
  2937 | D:4      | Slain by Blork the orc

Vault maps used:
D:1:      lightli_arrival_flooded_house
D:3:      first_ration, uniq_terence
D:4:      cheibrodos_quashed, uniq_edmund, uniq_blork_the_orc, uniq_pikel,
          uniq_eustachio

Skill      XL: |  1  2  3  4  5  6  7  8 |
---------------+-------------------------+-----
Dodging        | 1 2 3 |  3.9
Fighting       | 3 4 5 |  5.1
Long Blades    | 3 4 5 |  5.1
Armour         | 2 3 4 |  4.2

Action                   |  1- 3 |  4- 6 |  7- 9 || total
-------------------------+-------+-------+-------++-------
Melee: Falchion          |    70 |   158 |    88 ||   316
       Bite              |    25 |    50 |    34 ||   109
  Use: Potion            |       |       |     2 ||     2
 Stab: Sleeping          |     1 |     1 |       ||     2
       Petrifying        |     1 |       |       ||     1
       Confused          |     1 |     1 |       ||     2
       Petrified         |       |     4 |       ||     4
       Paralysed         |       |     1 |       ||     1
  Eat: Chunk             |     1 |     3 |       ||     4
       Ration            |       |     1 |       ||     1
Armor: Leather armour    |    23 |    40 |     6 ||    69
Dodge: Dodged            |    53 |   112 |    49 ||   214
       Rpst.: Falchion   |    19 |    32 |     8 ||    59

Table legend:
 A = Spawn XP
 B = Non-spawn XP
 C = Spawn XP percentage of total XP
 D = Spawn monster count
 E = Non-spawn monster count
 F = Spawn count percentage of total count
 G = Total turns spent on level
                    A         B        C        D         E        F      G
               +---------+---------+-------+---------+---------+-------+---------
         Total |       0 |    1603 |   0.0 |       0 |     109 |   0.0 |  2937
               +---------+---------+-------+---------+---------+-------+---------
           D:1 |       0 |      48 |   0.0 |       0 |      26 |   0.0 |   961
           D:2 |       0 |     132 |   0.0 |       0 |      20 |   0.0 |   491
           D:3 |       0 |     211 |   0.0 |       0 |      35 |   0.0 |   920
           D:4 |       0 |    1212 |   0.0 |       0 |      28 |   0.0 |   565
               +---------+---------+-------+---------+---------+-------+---------
